 Dungeon Crawl Stone Soup version 0.29.0-13-gc9e81de378 (webtiles) character file.

Game seed: 7454703449287293789

450 sanboga the Covered (level 7, -5/44 HPs)
             Began as a Gargoyle Fighter on Sept 8, 2022.
             Killed from afar by a steam dragon (15 damage)
             ... with a ball of steam
             ... on level 5 of the Dungeon.
             The game lasted 00:03:37 (3578 turns).

sanboga the Covered (Gargoyle Fighter)              Turns: 3578, Time: 00:03:38

Health: -5/44      AC: 13    Str: 22    XL:     7   Next: 4%
Magic:  7/7        EV:  9    Int:  8    God:
Gold:   222        SH:  4    Dex:  9    Spells: 6/6 levels left

rFire   . . .      SeeInvis .   a - +1 war axe
rCold   . . .      Faith    .   c - +0 buckler
rNeg    + . .      Spirit   .   b - +0 scale mail
rPois   ∞          Reflect  .   (no helmet)
rElec   +          Harm     .   r - +0 cloak
rCorr   .          Rampage  .   (no gloves)
Will    .....                   (no boots)
Stlth   ..........              (no amulet)
HPRegen 0.14/turn               (no ring)
MPRegen 0.10/turn               (no ring)

@: no status effects
A: sickness immunity, AC +4, negative energy resistance 1, electricity
resistance, torment resistance 1, petrification resistance
a: no special abilities


You were on level 5 of the Dungeon.
You visited 1 branch of the dungeon, and saw 5 of its levels.
You also visited: Sewer.

You collected 222 gold pieces.

Inventory:

Hand Weapons
 a - a +1 war axe (weapon)
Armour
 b - a +0 scale mail (worn)
 c - a +0 buckler (worn)
 r - a +0 cloak (worn)
Scrolls
 h - 3 scrolls of identify {unknown}
 j - a scroll of immolation {unknown}
 k - a scroll of brand weapon {unknown}
 l - 2 scrolls of blinking {unknown}
 m - 3 scrolls of teleportation {unknown}
 o - a scroll of poison {unknown}
 q - 2 scrolls of fear {unknown}
 u - a scroll of summoning {unknown}
Potions
 d - 3 potions of might
 e - 4 potions of heal wounds {unknown}
 f - 3 potions of ambrosia {unknown}
 g - a potion of flight {unknown}
 i - a potion of curing
 p - 2 potions of mutation {unknown}
 s - a potion of haste {unknown}
 t - 3 potions of magic {unknown}
 v - 3 potions of resistance {unknown}
 w - a potion of degeneration {unknown}
 x - a potion of berserk rage {unknown}
 z - a potion of lignification {unknown}
 A - a potion of invisibility {unknown}


   Skills:
 + Level 4.7 Fighting
 * Level 4.3 Axes
 + Level 4.8 Armour
 + Level 4.7 Shields


You had 6 spell levels left.
You didn't know any spells.
Your spell library contained the following spells:

 Spells                   Type           Power      Damage    Failure   Level
 Foxfire                  Conj/Fire      0%         2x1d4     80%         1
 Shock                    Conj/Air       0%         1d3       80%         1
 Summon Small Mammal      Summ           0%         N/A       80%         1
 Call Canine Familiar     Summ           0%         N/A       99%         3
 Conjure Flame            Conj/Fire      0%         6-21      99%         3
 Inner Flame              Hex/Fire       0%         N/A       99%         3
 Summon Guardian Golem    Hex/Summ       0%         N/A       99%         3
 Swiftness                Air            0%         N/A       99%         3
 Tukima's Dance           Hex            0%         N/A       99%         3
 Airstrike                Air            0%         2d(0-16)  100%        4
 Flame Wave               Conj/Fire      0%         2d4       100%        4
 Passage of Golubria      Tloc           0%         N/A       100%        4
 Yara's Violent Unravell  Hex/Tmut       0%         3d3       100%        5


Dungeon Overview and Level Annotations

Branches:
Dungeon (5/15)              Sewer (visited)
 Temple: D:4-7

Altars:
Ashenzari

Shops:
D:2 :


Innate Abilities, Weirdness & Mutations

You are immune to sickness and miasma.
Your stone body is resilient. (AC +4)
You are immune to poison.
You resist negative energy. (rN+)
You are resistant to electric shocks. (rElec)
You are resistant to unholy torment.
You are immune to petrification.


Message History

The scorpion stings you but does no damage.
You block the scorpion's attack. The steam dragon bites you.
The steam dragon claws you.
You are too injured to fight recklessly!
You are too injured to fight recklessly!
You are too injured to fight recklessly!
Sorry, you're not good enough to have a special ability.
Found 14 gold pieces.
The scorpion stings you but does no damage.
The steam dragon attacks as you move away!
The steam dragon closely misses you. x2
The scorpion stings you but does no damage.
You feel better.
The scorpion is engulfed in a cloud of scalding steam.
You block the scorpion's attack. The steam dragon bites you.
The steam dragon claws you but does no damage.
The scorpion is engulfed in a cloud of scalding steam.
The scorpion stings you but does no damage.
You slash the scorpion!
You kill the scorpion!
You barely miss the steam dragon. The steam dragon breathes steam at you.
The ball of steam hits you!
* * * LOW HITPOINT WARNING * * *
You have reached level 7!
You feel better.
You are engulfed in a cloud of scalding steam.
* * * LOW HITPOINT WARNING * * *
The steam dragon barely misses you.
The steam dragon claws you but does no damage.
You slash the steam dragon!
The steam dragon is heavily wounded.
The steam dragon bites you but does no damage.
The steam dragon claws you.
* * * LOW HITPOINT WARNING * * *
You hit the steam dragon.
The steam dragon is heavily wounded.
The steam dragon breathes steam at you. The ball of steam hits you!
You die...

#.......# ...
#.§.....# ....
#.......###...#
#..............
######.....###.
#.....# #.†.$.#
#D§...# #@..§.#
#|.§§§# #...§§#
#.....# #.....#
#$....# #######


You could see a steam dragon (catching breath).

Vanquished Creatures
  A kobold brigand (Sewer)
  A scorpion (D:5)
  An orc priest (D:4)
  3 hounds (D:4)
  An iguana (D:4)
  6 adders
  A worm (D:3)
  3 dart slugs
  21 orcs
  6 ball pythons
  4 bats
  6 endoplasms
  6 giant cockroaches
  6 goblins
  3 hobgoblins
  3 jackals (D:4)
  6 quokkas
  A frilled lizard (D:1)
  14 kobolds
  7 rats
100 creatures vanquished.

Vanquished Creatures (others)
  3 plants (Sewer)
3 creatures vanquished.

Grand Total: 103 creatures vanquished

Notes
Turn   | Place    | Note
-------+----------+-------------------------------------------
     0 | D:1      | sanboga the Gargoyle Fighter began the quest for the Orb.
     0 | D:1      | Reached XP level 1. HP: 14/14 MP: 1/1
   269 | D:1      | Reached XP level 2. HP: 19/19 MP: 2/2
   496 | D:1      | Reached XP level 3. HP: 23/23 MP: 3/3
   797 | D:2      | Found Onluts's Book Shoppe.
  1626 | D:3      | Reached XP level 4. HP: 29/29 MP: 4/4
  1665 | D:3      | Found a faded altar of an unknown god.
  1847 | D:3      | Found a broken altar of Ashenzari.
  2113 | D:4      | Reached XP level 5. HP: 22/33 MP: 5/5
  2142 | D:4      | Found a glowing drain.
  2151 | Sewer    | Entered a sewer
  2417 | Sewer    | Noticed a kobold brigand
  2422 | Sewer    | Killed a kobold brigand
  2515 | D:4      | Reached XP level 6. HP: 28/38 MP: 6/6
  3551 | D:5      | Entered Level 5 of the Dungeon
  3563 | D:5      | Noticed a steam dragon
  3575 | D:5      | Reached XP level 7. HP: 12/44 MP: 7/7
  3578 | D:5      | Killed from afar by a steam dragon

Illustrated notes

Levels and vault maps discovered:
D:1:      dpeg_arrival_houses_and_road, layout_rooms, minmay_nonomino_d4
D:2:      layout_basic, serial_shops, shop
D:3:      layout_rooms, lemuel_coloured_pillars_altar,
          shapermc_ecumenical_altar_pompeii
D:4:      layout_rooms, gup_sewer_entry_pipe
D:5:      layout_basic, makhleb_grotto_becter, nicolae_ossuary_entry_plus

Skill      XL: |  1  2  3  4  5  6 |
---------------+-------------------+-----
Axes           | 2 3 4 |  4.3
Fighting       | 4 |  4.7
Armour         | 4 |  4.8
Shields        | 4 |  4.7

Action                   |  1- 3 |  4- 6 |  7- 9 || total
-------------------------+-------+-------+-------++-------
Melee: War axe           |    89 |   208 |     2 ||   299
  Use: Potion            |       |     3 |     1 ||     4
       Scroll            |       |     1 |       ||     1
Armor: Scale mail        |    40 |   196 |     2 ||   238
Dodge: Dodged            |    41 |   136 |     1 ||   178
Block: Buckler           |    19 |    63 |       ||    82
